Cogmind - Beta 13 X1 @@@ ROGUE MODE // 2023.06.27 @ 21:37:16 Player: leiavoia Result: Destroyed by P-70 Sage with High-powered Shock Rifle Performance ------------- Evolutions (5) 2500 Regions Visited (10) 2000 Robots Destroyed (208) 1040 Value Destroyed (6856) 6856 Prototype IDs (18) 360 Alien Tech Used (0) 0 Bonus (1431) 1431 TOTAL SCORE: 14187 Bonus ------- High Alert Combat Kills 1010 Follower Combat Kills 282 Entered DSFs 500 Friendly Fire -361 Cogmind --------- Core Integrity 0/1000 Matter 278/300 Energy 88/100 System Corruption 11% Temperature Cool (0) Movement Flying (34) Location -5/Upper Caves Parts ------- > --- POWER (2) -------- (None) > --- PROPULSION (6) --- Improved Cesium-ion Thruster Nuclear Pulse Array > --- UTILITY (6) ------ Advanced Heat Sink Encrypted Comm Array Targeting Computer Improved Utility Shielding Hacking Suite > --- WEAPON (3) ------- Precision Assault Rifle Great Maul > --- INVENTORY (5) ---- Improved Medium Armor Plating Variable Charge Gun Precision Assault Rifle Mini Smartbomb Launcher Mace Peak State ------------ > --- POWER ------------ Light Ion Engine Light Angular Momentum Engine > --- PROPULSION ------- Medium Treads Heavy Treads Flexi-carbon Leg Enhanced Armored Leg > --- UTILITY ---------- Advanced Heat Sink Advanced Heat Sink Huge Storage Unit Hacking Suite System Shield System Shield > --- WEAPON ----------- Heavy Plasma Cannon Improved KE Penetrator Advanced Assault Cannon > --- INVENTORY -------- Armored Treads Carbon-fiber Leg Improved Cesium-ion Thruster Improved Cesium-ion Thruster High-capacity Storage Unit High-capacity Matter Pod Targeting Computer Advanced ECM Suite Advanced Trap Extractor Variable Charge Gun Advanced Beam Cannon Heavy Plasma Cannon Heavy Plasma Cannon Heavy Assault Rifle Gauss Rifle Improved KE Penetrator Advanced Assault Cannon Advanced Assault Cannon Datajack Great Maul [Rating: 77] Favorites ----------- Power Ion Engine Engine Ion Engine Power Core Light Fission Core Propulsion Light Treads Treads Light Treads Leg Aluminum Leg Wheel Armored Wheel Flight Unit Improved Cesium-ion Thruster Utility Small Storage Unit Device Seismic Detector Storage Small Storage Unit Processor Targeting Computer Hackware Hacking Suite Protection Light Armor Plating Weapon Advanced Beam Cannon Energy Gun Small Laser Energy Cannon Advanced Beam Cannon Ballistic Gun Assault Rifle Ballistic Cannon Advanced Assault Cannon Launcher Rocket Launcher Impact Weapon Great Maul Piercing Weapon Makeshift Spear Build | -11 -10 -9 -9 -8 -7 -6 -6 -5 -5 -5 ------- Run | Jun Mat Mat Min Mat Fac Fac DSF Fac Upp Upp Slots Evolved 10 | . . 2 . 2 2 2 . 2 . . Power 1 | . . . . . . . . 1 . . Propulsion 4 | . . 1 . 1 1 1 . . . . Utility 4 | . . 1 . 1 1 1 . . . . Weapon 1 | . . . . . . . . 1 . . Parts Attached 189 | 2 4 37 6 46 2 . 12 70 6 4 Power 17 | . 1 2 . 3 . . 1 10 . . Engine 12 | . 1 2 . 2 . . 1 6 . . Core 5 | . . . . 1 . . . 4 . . Reactor . | . . . . . . . . . . . Propulsion 50 | . 1 9 1 17 1 . . 21 . . Treads 29 | . . 7 1 17 1 . . 3 . . Leg 17 | . 1 2 . . . . . 14 . . Wheel 2 | . . . . . . . . 2 . . Hover . | . . . . . . . . . . . Flight 2 | . . . . . . . . 2 . . Utility 56 | 2 1 12 1 17 1 . 6 12 4 . Device 25 | 2 1 3 . 7 1 . 3 5 3 . Storage 6 | . . 3 . 2 . . 1 . . . Processor 2 | . . . . . . . . 1 1 . Hackware 3 | . . . . . . . . 3 . . Protection 20 | . . 6 1 8 . . 2 3 . . Artifact . | . . . . . . . . . . . Weapon 66 | . 1 14 4 9 . . 5 27 2 4 Energy Gun 4 | . 1 2 . . . . . . . 1 Energy Cannon 21 | . . 5 2 5 . . 2 7 . . Ballistic Gun 20 | . . 4 1 4 . . 1 8 . 2 Ballistic Cannon 7 | . . 1 . . . . . 6 . . Launcher 10 | . . 2 1 . . . 2 4 1 . Special Weapon . | . . . . . . . . . . . Impact Weapon 3 | . . . . . . . . 2 1 . Slashing Weapon . | . . . . . . . . . . . Piercing Weapon 1 | . . . . . . . . . . 1 Special Melee Weapon . | . . . . . . . . . . . Unidentified Prototypes 10 | . . 4 . . . . . 6 . . Parts Lost 65 | 1 1 2 . 8 . . 7 44 . 2 Power 11 | . . . . 1 . . . 9 . 1 Propulsion 16 | . . . . 1 . . 3 12 . . Utility 23 | 1 . 1 . 5 . . 4 11 . 1 Weapon 15 | . 1 1 . 1 . . . 12 . . Highest Loss Streak 17 | 1 1 1 . 3 . . 6 17 . 2 To Critical Strikes . | . . . . . . . . . . . Average Slot Usage (%) 92 | . 100 99 100 99 88 86 70 80 48 63 Engine 8 | . 14 10 11 7 . . 3 5 . . Core 1 | . . . . 1 7 6 2 2 5 4 Treads 25 | . . 30 33 35 32 33 16 4 . . Leg 4 | . 28 3 . . . . . 18 . . Device 12 | . 14 11 11 17 9 13 14 7 9 16 Storage 8 | . 14 11 11 9 7 6 6 4 . . Hackware 1 | . . . . . . . . 6 5 5 Protection 9 | . . 10 11 9 15 13 12 5 5 5 Energy Cannon 11 | . . 11 21 13 7 6 2 2 . . Ballistic Gun 3 | . 14 3 . 4 7 6 . 4 . 1 Ballistic Cannon 1 | . . 4 . . . . . 3 . . Launcher 1 | . . 2 . . . . 10 3 . . Naked Turns . | . . . . . . . . . . . Heaviest Build 136 | 14 14 60 64 73 74 74 114 136 17 20 Greatest Support 118 | 20 20 60 60 83 103 103 103 118 19 19 Greatest Overweight (x) 10 | . . . 1 1 . . 2 10 . 1 Average Overweight (x) . | . . . . . . . . 1 . . Largest Inventory Capacity 25 | 8 8 20 20 20 20 20 25 25 5 5 Average Capacity 14 | 8 8 11 20 20 20 20 20 23 5 5 Most Carried 25 | 8 8 20 20 20 20 18 21 25 5 5 Average Carried 13 | 6 7 10 20 19 19 18 19 21 4 4 Final Capacity 25 | 8 8 20 20 20 20 20 25 5 5 5 Final Carried 21 | 8 8 20 20 20 18 18 21 5 5 5 Class Distribution -------------------- 77% | Mutant 15% | Scavenger-Mutant 3% | Scavenger-Gunner Dominant Class ---------------- Mutant | -10/Materials Mutant | -9/Materials Mutant | -9/Mines Mutant | -8/Materials Scavenger-Mutant | -7/Factory Scavenger-Mutant | -6/Factory Mutant | -6/DSF Scavenger-Gunner | -5/Factory Mutant | -5/Upper Caves Scavenger-Mutant | -5/Upper Caves Resources | -11 -10 -9 -9 -8 -7 -6 -6 -5 -5 -5 ----------- Run | Jun Mat Mat Min Mat Fac Fac DSF Fac Upp Upp Matter Collected 4267 | 308 94 798 111 930 . . 85 1640 211 90 Remotely 168 | . . . . . . . . 168 . . Salvage Created 8253 | 186 170 2096 610 2710 . . 281 1940 211 49 Parts 407 | 13 6 131 36 124 . . 10 85 2 . Haulers Intercepted 12 | . . 6 . 4 . . . 2 . . Recyclers Shooed 2 | 1 1 . . . . . . . . . Parts Field Recycled . | . . . . . . . . . . . Retrieved Matter . | . . . . . . . . . . . Parts Self-Destructed . | . . . . . . . . . . . Prevented 2 | . . . . . . . . . 1 1 Kills | -11 -10 -9 -9 -8 -7 -6 -6 -5 -5 -5 ------- Run | Jun Mat Mat Min Mat Fac Fac DSF Fac Upp Upp Combat Hostiles Destroyed 156 | 2 4 39 13 47 . . 11 40 . . Melee 1 | . . . . 1 . . . . . . Guns 36 | 2 4 8 . 16 . . . 6 . . Cannons 86 | . . 25 10 28 . . . 23 . . AOE 28 | . . 5 3 . . . 11 9 . . Classes Destroyed 22 | 4 1 7 1 5 . . . 3 1 . Worker 10 | . . 5 . 4 . . . 1 . . Builder 8 | . . 2 . 2 . . . 4 . . Tunneler 9 | 4 . . 3 1 . . . 1 . . Hauler 12 | . . 6 . 4 . . . 2 . . Recycler 8 | 1 . 5 2 . . . . . . . Minesweeper 1 | . . . . . . . . . 1 . Mechanic 1 | . . . . . . . . 1 . . Operator 2 | . . . . 1 . . . 1 . . Drone 2 | . . . . . . . . 2 . . Watcher 8 | . . 5 . 2 . . . 1 . . Swarmer 27 | . . 8 7 3 . . 7 2 . . Grunt 81 | . 4 20 5 25 . . 2 25 . . Brawler 3 | . . . . 1 . . . 2 . . Duelist 4 | . . . 1 2 . . . 1 . . Protector 1 | . . 1 . . . . . . . . Sentry 20 | . . 10 . 10 . . . . . . Demolisher 1 | 1 . . . . . . . . . . Specialist 5 | . . . . 4 . . 1 . . . Hunter 9 | . . . . 1 . . . 8 . . Programmer 2 | . . . . . . . . 2 . . Heavy 2 | . . . . 1 . . 1 . . . Assembled 1 | 1 . . . . . . . . . . Best Kill Streak 9 | 3 2 7 4 6 . . 4 9 1 . Combat Bots Only 6 | 1 2 5 4 5 . . 4 6 . . Max Kills in Single Turn 5 | 1 1 5 3 1 . . 4 3 1 . Gunslinging . | . . . . . . . . . . . Exploded 4 | . . 4 3 . . . 4 2 . . Melee 1 | . . . . 1 . . . . . . Uniques/NPCs Destroyed . | . . . . . . . . . . . Combat | -11 -10 -9 -9 -8 -7 -6 -6 -5 -5 -5 -------- Run | Jun Mat Mat Min Mat Fac Fac DSF Fac Upp Upp Damage Taken 14217 | 322 198 1063 267 3279 . . 1229 7616 74 169 Core 1669 | 129 76 137 26 248 . . 38 920 51 44 Absorbed by Shields 620 | . . . . 419 . . 57 144 . . Reduced by Siege Mode 5 | . . . . . . . . 5 . . Redirected to Shielding 40 | . . . . . . . . . . 40 Ignored by Resistances 197 | . . . . 41 . . 156 . . . Regen/Repaired (Parts) 493 | . . 37 . 456 . . . . . . Core Remaining (%) 62 | 48 18 . 59 54 100 . 95 . . . Volleys Fired 508 | 31 18 110 34 147 . . 17 110 2 39 Largest 3 | 2 2 2 2 2 . . 2 3 1 1 Hottest 228 | 60 60 136 136 136 . . 180 228 80 75 Shots Fired 1015 | 59 36 217 68 292 . . 31 271 2 39 Gun 377 | 59 36 65 . 84 . . 2 92 . 39 Cannon 592 | . . 144 67 208 . . 14 159 . . Launcher 46 | . . 8 1 . . . 15 20 2 . Special . | . . . . . . . . . . . Kinetic 411 | 31 18 95 . 84 . . 2 179 . 2 Thermal 556 | 28 18 112 67 208 . . 14 72 . 37 Explosive 46 | . . 8 1 . . . 15 20 2 . Electromagnetic 2 | . . 2 . . . . . . . . Robot Hit Streak 19 | 7 7 8 12 19 . . 9 10 . . Robot Miss Streak 6 | 5 2 6 4 4 . . 3 5 . . Penetration Max 1 | . . . . 1 . . . 1 . . Secondary Targets . | . . . . . . . . . . . Shots Hit Robots 629 | 31 26 125 33 224 . . 21 160 4 5 Core Hits 340 | 9 9 70 20 91 . . 24 113 4 . Critical Kills 4 | . . 1 . 1 . . . 2 . . Critical Parts Destroyed 4 | . . . . . . . . 4 . . Critical Strikes 13 | . . 3 . 1 . . . 8 1 . Meltdown 4 | . . 1 . 1 . . . 2 . . Destroy 3 | . . . . . . . . 3 . . Blast 4 | . . 2 . . . . . 2 . . Smash 2 | . . . . . . . . 1 1 . Melee Attacks 21 | . . . . . . . . 1 5 15 Impact 21 | . . . . . . . . 1 5 15 Slashing . | . . . . . . . . . . . Piercing . | . . . . . . . . . . . Sneak Attacks 1 | . . . . . . . . 1 . . Combat Hostiles . | . . . . . . . . . . . Follow-up Attacks . | . . . . . . . . . . . Damage Inflicted 19361 | 366 302 3065 838 5171 . . 1775 7015 550 279 Guns 4257 | 358 302 498 . 1354 . . 36 1709 . . Cannons 9807 | . . 1891 708 3707 . . 391 3110 . . Explosions 4193 | . . 652 125 . . . 1348 1927 141 . Melee 821 | . . . . . . . . 133 409 279 Ramming 283 | 8 . 24 5 110 . . . 136 . . Kinetic 6010 | 237 160 919 . 1354 . . 36 3304 . . Thermal 8343 | 121 142 1446 708 3707 . . 391 1828 . . Explosive 3880 | . . 652 125 . . . 1348 1614 141 . Electromagnetic 24 | . . 24 . . . . . . . . Impact 821 | . . . . . . . . 133 409 279 Slashing . | . . . . . . . . . . . Piercing . | . . . . . . . . . . . Highest Corruption 11 | . . 1 1 . . . . 10 10 11 Average Corruption 2 | . . 1 1 . . . . 2 10 10 Corruption Purged . | . . . . . . . . . . . Corruption Blocked . | . . . . . . . . . . . Effects 41 | . . 1 15 . . . . 9 8 8 Message Errors 9 | . . . 4 . . . . 2 1 2 Matter Fused 13 | . . 1 6 . . . . 2 1 3 Heat Flow Errors 5 | . . . 2 . . . . . 2 1 Energy Discharges 2 | . . . . . . . . . 1 1 Parts Fused 1 | . . . . . . . . . . 1 Data Loss (minor) 4 | . . . 1 . . . . 1 2 . Misfires 3 | . . . 1 . . . . 2 . . Alerts 2 | . . . 1 . . . . . 1 . Weapon Failures 2 | . . . . . . . . 2 . . Overload Shots . | . . . . . . . . . . . Overflow Damage 616 | . . 33 25 20 . . 86 176 128 148 Projectiles 102 | . . 27 25 20 . . . 30 . . Explosions 115 | . . 6 . . . . 86 13 10 . Melee 399 | . . . . . . . . 133 118 148 Knockbacks 41 | . . 5 . 3 . . . 30 . 3 Impact 7 | . . . . 3 . . . 1 . 3 Kinetic 29 | . . 3 . . . . . 26 . . Secondary 5 | . . 2 . . . . . 3 . . Self-Inflicted Damage 194 | . . 12 . . . . 46 136 . . Shots 4 | . . 1 . . . . 1 2 . . Rammed 16 | . . 3 . 8 . . . 5 . . Targets Rammed 44 | 1 . 5 1 15 . . . 22 . . Kicked 18 | 1 . . . . . . . 17 . . Crushed 10 | . . 2 1 7 . . . . . . Highest Temperature 752 | 40 90 248 213 258 . . 76 752 214 143 Average Temperature 88 | 23 42 38 81 59 . . 27 184 107 88 Received Heat Transfer 4044 | 60 126 333 48 1194 . . 207 2058 18 . Effects 31 | . . 3 . 2 . . . 26 . . Shutdowns 8 | . . . . . . . . 8 . . Energy Bleed 5 | . . . . 1 . . . 4 . . Interference 8 | . . 3 . 1 . . . 4 . . Matter Decay 2 | . . . . . . . . 2 . . Short Circuit 2 | . . . . . . . . 2 . . Damage (major) 5 | . . . . . . . . 5 . . Damage (core) 1 | . . . . . . . . 1 . . Siege Activations 1 | . . . . . . . . 1 . . Total Turns 5 | . . . . . . . . 5 . . Longest Duration 5 | . . . . . . . . 5 . . Robots Corrupted . | . . . . . . . . . . . Combat Hostiles . | . . . . . . . . . . . Parts Fried 3 | . . 2 . . . . . . . 1 Impact Corruptions 17 | . . 2 . . . . . 3 5 7 Robots Melted 7 | . . 1 . 3 . . 1 2 . . Combat Hostiles 4 | . . . . 2 . . . 2 . . Parts Melted 20 | . . 4 1 8 . . 2 5 . . Heat Transferred 13483 | 275 325 2594 1221 6068 . . 600 2400 . . Parts Sabotaged . | . . . . . . . . . . . Parts Stolen . | . . . . . . . . . . . Parts Stripped . | . . . . . . . . . . . Power Chain Reactions . | . . . . . . . . . . . Missiles Intercepted . | . . . . . . . . . . . Alert | -11 -10 -9 -9 -8 -7 -6 -6 -5 -5 -5 ------- Run | Jun Mat Mat Min Mat Fac Fac DSF Fac Upp Upp Peak Influence 1124 | 25 90 748 485 1124 494 246 410 800 . . Initial 494 | . 5 37 273 59 494 241 172 214 . . Average 217 | 4 41 343 260 357 494 241 271 513 . . Maximum Alert Level 4 | . . 3 2 4 2 1 2 3 . . Low Security (%) 54 | 100 100 32 26 30 . . 26 . . . Level 1 25 | . . 32 69 37 . 100 43 28 . . Level 2 12 | . . 20 3 19 100 . 29 41 . . Level 3 7 | . . 14 . 11 . . . 28 . . Level 4 . | . . . . . . . . . . . Level 5 . | . . . . . . . . . . . High Security . | . . . . . . . . . . . Max Security . | . . . . . . . . . . . Sterilizations 2 | . . . . 1 . . 1 . . . Squads Dispatched 41 | . 1 6 . 11 . . 1 22 . . Investigation 8 | . . 5 . 1 . . . 2 . . Extermination 2 | . . . . . . . . 2 . . Reinforcement 17 | . 1 . . 6 . . 1 9 . . Assault 5 | . . 1 . 1 . . . 3 . . Garrison 9 | . . . . 3 . . . 6 . . Intercept . | . . . . . . . . . . . Searches Triggered . | . . . . . . . . . . . Construction Impeded 5 | . . . . 1 . . . 4 . . Haulers Reinforced 3 | . . . . . . . . 3 . . Active Scanning Responses . | . . . . . . . . . . . Cargo Convoy Interrupts . | . . . . . . . . . . . Stealth | -11 -10 -9 -9 -8 -7 -6 -6 -5 -5 -5 --------- Run | Jun Mat Mat Min Mat Fac Fac DSF Fac Upp Upp Distress Signals 13 | . . 4 . 5 . . . 3 1 . Communications Jammed . | . . . . . . . . . . . Distress Signals . | . . . . . . . . . . . Times Spotted 228 | 2 5 49 13 83 . . 11 58 6 1 Peak Tracking Total 9 | 1 2 6 4 6 . . 4 9 7 1 Tactical Retreats 17 | . . 1 1 6 . . . 2 7 . Traps | -11 -10 -9 -9 -8 -7 -6 -6 -5 -5 -5 ------- Run | Jun Mat Mat Min Mat Fac Fac DSF Fac Upp Upp Traps Triggered 5 | . . 3 . 1 . . . 1 . . Indirectly . | . . . . . . . . . . . Trap Hack Attempts . | . . . . . . . . . . . Triggered . | . . . . . . . . . . . Disarmed . | . . . . . . . . . . . Reprogrammed . | . . . . . . . . . . . Reused . | . . . . . . . . . . . Traps Extracted . | . . . . . . . . . . . Installed . | . . . . . . . . . . . Triggered 5 | . . . . . . . . . 1 4 Machines | -11 -10 -9 -9 -8 -7 -6 -6 -5 -5 -5 ---------- Run | Jun Mat Mat Min Mat Fac Fac DSF Fac Upp Upp Machines Disabled 14 | . . 2 . 2 . . 1 8 1 . Max in Single Turn 3 | . . 1 . 1 . . 1 3 1 . Garrison Access 1 | . . . . 1 . . . . . . Machines Repaired . | . . . . . . . . . . . Machines Sabotaged . | . . . . . . . . . . . Overloaded Fab Kills . | . . . . . . . . . . . Hacking | -11 -10 -9 -9 -8 -7 -6 -6 -5 -5 -5 --------- Run | Jun Mat Mat Min Mat Fac Fac DSF Fac Upp Upp Machines Accessed 34 | . 2 13 . 12 . 1 . 4 1 1 Terminals 25 | . 2 10 . 8 . 1 . 3 . 1 Fabricators . | . . . . . . . . . . . Repair Stations 3 | . . 1 . 2 . . . . . . Recycling Units 4 | . . 2 . 1 . . . 1 . . Scanalyzers . | . . . . . . . . . . . Garrison Access 1 | . . . . 1 . . . . . . Total Hacks 98 | . 4 39 . 45 . 1 . 7 1 1 Successful 41 | . 1 14 . 20 . 1 . 3 1 1 Failed 56 | . 3 24 . 25 . . . 4 . . Catastrophic 10 | . 1 3 . 5 . . . 1 . . Database Lockouts 1 | . . 1 . . . . . . . . Manual 35 | . 1 17 . 16 . . . 1 . . Terminals 76 | . 4 33 . 33 . 1 . 4 . 1 Fabricators . | . . . . . . . . . . . Repair Stations 13 | . . 3 . 10 . . . . . . Recycling Units 7 | . . 3 . 1 . . . 3 . . Scanalyzers . | . . . . . . . . . . . Garrison Access 1 | . . . . 1 . . . . . . Terminal Hacks 28 | . 1 10 . 12 . 1 . 2 1 1 Record 2 | . . . . . . . . . 1 1 Part Schematic 1 | . . 1 . . . . . . . . Robot Analysis 8 | . . 4 . 4 . . . . . . Prototype ID Bank 5 | . 1 1 . 3 . . . . . . Open DSF 2 | . . . . . . 1 . 1 . . Branch Access Points 2 | . . 1 . . . . . 1 . . Unreport Threat 2 | . . . . 2 . . . . . . Locate Traps 2 | . . . . 2 . . . . . . Hauler Manifests 2 | . . 1 . 1 . . . . . . Zone Layout 2 | . . 2 . . . . . . . . Fabricator Hacks . | . . . . . . . . . . . Repair Station Hacks 8 | . . 2 . 6 . . . . . . Scan Component 4 | . . 1 . 3 . . . . . . Repair 4 | . . 1 . 3 . . . . . . Recycling Unit Hacks 4 | . . 2 . 1 . . . 1 . . Retrieve Components 4 | . . 2 . 1 . . . 1 . . Scanalyzer . | . . . . . . . . . . . Garrison Access Hacks 1 | . . . . 1 . . . . . . Unlock Access 1 | . . . . 1 . . . . . . Unauthorized Hacks . | . . . . . . . . . . . Terminals . | . . . . . . . . . . . Fabricators . | . . . . . . . . . . . Repair Stations . | . . . . . . . . . . . Recycling Units . | . . . . . . . . . . . Scanalyzers . | . . . . . . . . . . . Garrison Access . | . . . . . . . . . . . Data Cores Recovered . | . . . . . . . . . . . Used . | . . . . . . . . . . . Hacking Detections 25 | . 2 10 . 11 . . . 2 . . Full Trace Events 9 | . 1 6 . 1 . . . 1 . . Feedback Events . | . . . . . . . . . . . Feedback Blocked . | . . . . . . . . . . . Robot Schematics Acquired . | . . . . . . . . . . . Robots Built . | . . . . . . . . . . . Authchips . | . . . . . . . . . . . Time . | . . . . . . . . . . . Total Robot Build Rating . | . . . . . . . . . . . Part Schematics Acquired 1 | . . 1 . . . . . . . . Parts Built . | . . . . . . . . . . . Authchips . | . . . . . . . . . . . Time . | . . . . . . . . . . . Total Part Build Rating . | . . . . . . . . . . . Parts Repaired 4 | . . 1 . 3 . . . . . . Time 146 | . . 32 . 114 . . . . . . Parts Recycled . | . . . . . . . . . . . Recycled Matter . | . . . . . . . . . . . Retrieved Matter . | . . . . . . . . . . . Retrieved Components 37 | . . 17 . 10 . . . 10 . . Parts Scanalyzed . | . . . . . . . . . . . Part Schematics Acquired . | . . . . . . . . . . . Parts Damaged . | . . . . . . . . . . . Bothacking | -11 -10 -9 -9 -8 -7 -6 -6 -5 -5 -5 ------------ Run | Jun Mat Mat Min Mat Fac Fac DSF Fac Upp Upp Used RIF Installer . | . . . . . . . . . . . Robots Hacked . | . . . . . . . . . . . Non-combat . | . . . . . . . . . . . Combat . | . . . . . . . . . . . Robot Hacks Applied . | . . . . . . . . . . . Relay Couplers Released 2 | . . . . 2 . . . . . . Machine Destruction 2 | . . . . 2 . . . . . . Fabnet Peak Effective % . | . . . . . . . . . . . Robots Rewired . | . . . . . . . . . . . Allies Hacked . | . . . . . . . . . . . Hacks Repelled . | . . . . . . . . . . . Allies | -11 -10 -9 -9 -8 -7 -6 -6 -5 -5 -5 -------- Run | Jun Mat Mat Min Mat Fac Fac DSF Fac Upp Upp Total Allies 4 | . . . 4 . . . . . . . Largest Group 3 | . . . 3 3 . . . . . . Highest-Rated Group 40 | . . . 40 40 . . . . . . Highest-Rated Ally 31 | . . . 31 16 . . . . . . Total Orders 1 | . . . . . . . . 1 . . EXPLORE 1 | . . . . . . . . 1 . . Ally Attacks 58 | . . . 19 39 . . . . . . Total Damage 729 | . . . 332 397 . . . . . . Kills 12 | . . . 6 6 . . . . . . Allies Corrupted . | . . . . . . . . . . . Allies Melted . | . . . . . . . . . . . Intel | -11 -10 -9 -9 -8 -7 -6 -6 -5 -5 -5 ------- Run | Jun Mat Mat Min Mat Fac Fac DSF Fac Upp Upp Robot Analysis Total 8 | . . 4 . 4 . . . . . . Derelict Logs Recovered 4 | . . . 2 . . . . . 1 1 Drone Launches 3 | . . . . . . . . 3 . . Drone Recoveries . | . . . . . . . . . . . Exploration | -11 -10 -9 -9 -8 -7 -6 -6 -5 -5 -5 ------------- Run | Jun Mat Mat Min Mat Fac Fac DSF Fac Upp Upp Turns Passed 16279 | 6111 169 2428 1953 2896 71 63 393 1637 306 252 Spaces Moved 5890 | 1104 82 1195 696 1132 43 39 127 653 557 262 Core . | . . . . . . . . . . . Treads 3211 | . . 1124 696 1132 43 39 127 50 . . Legs 1623 | 1104 82 71 . . . . . 366 . . Wheels 81 | . . . . . . . . 81 . . Hover . | . . . . . . . . . . . Flight 975 | . . . . . . . . 156 557 262 Fastest Speed 34 | 120 120 120 160 156 162 164 164 34 34 34 Average Speed 139 | 120 120 157 173 167 162 164 242 167 34 41 Slowest Speed 330 | 120 120 160 240 240 164 164 330 330 34 106 Overloaded Moves . | . . . . . . . . . . . Propulsion Burnouts . | . . . . . . . . . . . Robots Hopped 3 | . . . . . . . . 1 2 . Cave-ins Triggered . | . . . . . . . . . . . Exploration Rate (%) 56 | 118 25 91 99 97 2 2 75 16 65 28 Regions Visited 10 Branch Regions 3 Pre-discovered Areas 1 | . . . . . . . . . 1 . Known Exits Taken 4 | . . 1 . . . 1 . 1 1 . Unknown Exits Taken 5 | 1 1 . 1 1 1 . . . . . Scrap Searched 4 | . . . 2 . . . . . . 2 Spaces Dug 21 | . . . . . . . 8 4 . 9 Terrain Destroyed 270 | . . 34 13 8 . . 40 131 14 30 Melee 8 | . . . . . . . . . . 8 Projectile 71 | . . 2 1 8 . . . 38 . 22 AOE 191 | . . 32 12 . . . 40 93 14 . Terrain Rammed . | . . . . . . . . . . . Walls Destroyed . | . . . . . . . . . . . Machines Disabled . | . . . . . . . . . . . Actions | -11 -10 -9 -9 -8 -7 -6 -6 -5 -5 -5 --------- Run | Jun Mat Mat Min Mat Fac Fac DSF Fac Upp Upp Total 12908 | 5830 116 1537 1377 1843 44 38 185 945 656 337 Wait 6041 | 4691 12 123 635 443 . . 4 31 87 15 Move 5874 | 1103 81 1194 695 1131 42 38 126 650 552 262 Hop 3 | . . . . . . . . 1 2 . Pick Up 101 | 2 . 29 1 25 . . 12 31 . 1 Fast Attach 54 | 2 . 8 2 3 . . 3 30 5 1 Attach 55 | . 1 5 . 13 2 . 4 28 1 1 Detach 10 | . . 2 . . . . 2 5 1 . Swap 80 | . 3 24 4 30 . . 5 12 . 2 Drop 115 | . 1 37 5 36 . . 9 24 1 2 Fire 508 | 31 18 110 34 147 . . 17 110 2 39 Melee 20 | . . . . . . . . 1 5 14 Ram . | . . . . . . . . . . . Kick 18 | 1 . . . . . . . 17 . . Crush 26 | . . 5 1 15 . . . 5 . . Escape Stasis . | . . . . . . . . . . . Rewire 3 | . . . . . . . 3 . . . Trap . | . . . . . . . . . . . Miscellaneous . | . . . . . . . . . . . Route ------- -11/Junkyard -10/Materials -9/Materials (discovered 3 exits: *Mat x2 / *Min) -9/Mines -8/Materials (discovered 3 exits: [*Fac x3]) -7/Factory -6/Factory -6/DSF -5/Factory (discovered 4 exits: *Upp x2 / Ext x2) -5/Upper Caves -5/Upper Caves History --------- Turn | Location | Event 41 | -11/Junkyard | Discovered new exit (range 3) 2997 | -11/Junkyard | Assembled infested the area 4635 | -11/Junkyard | Core integrity fell below 50% 6112 | -11/Junkyard | Entered Materials 6113 | -10/Materials | Build established: Mutant 6214 | -10/Materials | Discovered new exit (range 15) 6263 | -10/Materials | Core integrity fell below 20% 6281 | -10/Materials | Entered another Materials area 6281 | -9/Materials | Evolved 2 slots: Propulsion x1, Utility x1 7297 | -9/Materials | Discovered new exit (range 14) 7800 | -9/Materials | Identified exit to Mines 7947 | -9/Materials | Build established: Scavenger-Mutant 8031 | -9/Materials | Discovered new exit (range 3) 8138 | -9/Materials | Central database locked down 8203 | -9/Materials | Repaired Med. Armor Plating? 8281 | -9/Materials | First assault squad dispatched 8356 | -9/Materials | Build established: Mutant 8496 | -9/Materials | Discovered new exit (range 14) 8709 | -9/Materials | Entered Mines 8737 | -9/Mines | Learned Materials garrison access intel 8768 | -9/Mines | Met a Derelict bent on vengeance 9194 | -9/Mines | Discovered new exit (range 7) 9402 | -9/Mines | Received a Mining Laser from a helpful Derelict 9495 | -9/Mines | Learned Materials stockpile data 9644 | -9/Mines | Excavation squad dispatched 9644 | -9/Mines | A large section of the Mines collapsed 9894 | -9/Mines | Excavation squad dispatched 10164 | -9/Mines | Assisted by bots powering up and referring to "LRC-V3" 10284 | -9/Mines | Joined a pair of Derelicts in attacking an 0b10 outpost 10662 | -9/Mines | Entered Materials 10662 | -8/Materials | Accompanied by 3 allies 10662 | -8/Materials | Evolved 2 slots: Propulsion x1, Utility x1 10664 | -8/Materials | Loaded intel: 1 garrison access location 11671 | -8/Materials | Repaired Med. Armor Plating 11894 | -8/Materials | Discovered new exit (range 7) 11957 | -8/Materials | Lost 3 parts (1n2u) 12425 | -8/Materials | Build established: Scavenger-Mutant 12432 | -8/Materials | Repaired Arm. Treads 12697 | -8/Materials | Discovered new exit (range 4) 13115 | -8/Materials | Garrison activated, responded to threat 13247 | -8/Materials | Discovered new exit (range 13) 13258 | -8/Materials | Identified exit to Garrison 13404 | -8/Materials | Sterilization system engaged 13404 | -8/Materials | Non-combat units ordered to evacuate 13410 | -8/Materials | Repaired Gauss Rifle 13504 | -8/Materials | Combat units ordered to evacuate 13558 | -8/Materials | Entered Factory 13558 | -7/Factory | Evolved 2 slots: Propulsion x1, Utility x1 13617 | -7/Factory | Discovered new exit (range 7) 13629 | -7/Factory | Entered another Factory area 13629 | -6/Factory | Evolved 2 slots: Propulsion x1, Utility x1 13690 | -6/Factory | Identified exit to DSF 13692 | -6/Factory | Entered DSF 13756 | -6/DSF | Additional patrols routed to DSF 13826 | -6/DSF | Lost 6 parts (2n4u) 13963 | -6/DSF | Discovered new exit (range 16) 13972 | -6/DSF | Sterilization system engaged 13992 | -6/DSF | Ambient heat levels rising (+10) 14007 | -6/DSF | Ambient heat levels rising (+10) 14022 | -6/DSF | Ambient heat levels rising (+10) 14037 | -6/DSF | Ambient heat levels rising (+10) 14052 | -6/DSF | Ambient heat levels rising (+10) 14067 | -6/DSF | Ambient heat levels rising (+10) 14082 | -6/DSF | Ambient heat levels rising (+10) 14085 | -6/DSF | Build established: Mutant 14085 | -6/DSF | Entered Factory 14085 | -5/Factory | Evolved 2 slots: Power x1, Weapon x1 14481 | -5/Factory | Garrison activated, responded to threat 14741 | -5/Factory | Lost 7 parts (2p4u1w) 14824 | -5/Factory | Garrison activated, responded to threat 14878 | -5/Factory | Lost 3 parts (1p1n1u) 15026 | -5/Factory | Core integrity fell below 50% 15134 | -5/Factory | Lost 17 parts (3p6n2u6w) 15236 | -5/Factory | Lost 5 parts (2p1n1u1w) 15246 | -5/Factory | Core integrity fell below 20% 15285 | -5/Factory | First assault squad dispatched 15381 | -5/Factory | Build established: Scavenger-Gunner 15581 | -5/Factory | System corruption reached 10% 15649 | -5/Factory | Lost 10 parts (1p3n2u4w) 15690 | -5/Factory | Found Prototype Launcher 15690 | -5/Factory | Identified Mni. Smartbomb Launcher 15704 | -5/Factory | Identified exit to Upper Caves 15704 | -5/Factory | Identified exit to Extension 15722 | -5/Factory | Entered Upper Caves 15829 | -5/Upper Caves | Met a Warlord Commander 15830 | -5/Upper Caves | Learned location of Warlord (-4) 15831 | -5/Upper Caves | Found Encrypted Comm Array 15905 | -5/Upper Caves | Attracted the attention of an 0b10 checkpoint 15953 | -5/Upper Caves | Build established: Mutant 16021 | -5/Upper Caves | Identified exit to Upper Caves 16028 | -5/Upper Caves | Entered another Upper Caves area 16058 | -5/Upper Caves | Learned Factory stockpile data 16118 | -5/Upper Caves | Spotted B-75 Beast 16280 | -5/Upper Caves | Destroyed by P-70 Sage with High-powered Shock Rifle Last Messages --------------- 16103_ Acquired 7 matter. 16141_ System corrupted: Energy discharge (-57). 16145_ Acquired 13 matter. 16156_ System corrupted: Matter fused (-6). 16173_ URFCPTJ X,6 B&L=XYRHQ:FWWLJFCL7O 16198_ System corrupted: Matter fused (-5). 16218_ System corrupted: Matter fused (-6). 16244_ Dropped Variable Charge Gun. 16246_ Acquired Variable Charge Gun. 16257_ Lgt. Fission Core destroyed. 16268_ P-70 Sage knocked back. 16271_ 7WPIZTB#4MBW=JLXFCCRXRQIUI